 Dungeon Crawl Stone Soup version 0.20.1-1-g8b1a95d (webtiles) character file.

7978 vineage the Basher (level 11, 0/64 HPs)
             Began as a Gargoyle Fighter on Nov 4, 2017.
             Was a High Priest of Okawaru.
             Incinerated by a smoke demon (3 damage)
             ... with a sticky flame
             ... on level 2 of the Abyss.
             The game lasted 00:19:59 (9432 turns).

vineage the Basher (Gargoyle Fighter)               Turns: 9432, Time: 00:20:00

Health: 0/64       AC: 21    Str: 30    XL:     11   Next: 23%
Magic:  10/10      EV:  6    Int: 11    God:    Okawaru [*****.]
Gold:   272        SH: 21    Dex: 15    Spells: 10/10 levels left

rFire    . . .     SeeInvis +   a - +1 flail
rCold    x . .     Gourm    +   j - +3 large shield
rNeg     + . .     Faith    .   x - +1 scale mail "Habrad" {rElec rC- Str+8 Stlth-} rPois โˆž Spirit .
                                H - +3 crown of Dyrovepreva {rElec Int+2 SInv}
rElec    +         Reflect  .   (no cloak)
rCorr    .         Harm     .   e - +1 pair of gloves {Dex+3}
MR       .....     Clarity  +   (no boots)
Stlth    ..........             z - amulet of the gourmand
Regen    0.2/turn               y - ring of loudness
MPRegen  0.2/turn               (no ring)

@: liquid flames, hasted, glowing, very quick
A: hooves 1, agile 1, clarity, low mp 1, negative energy resistance 1,
electricity resistance, wild magic 1, unbreathing, petrification resistance, rot
immunity, AC +7
a: Heroism, Finesse, Renounce Religion


You were on level 2 of the Abyss.
You worshipped Okawaru.
Okawaru was extremely pleased with you.
You were not hungry.

You visited 3 branches of the dungeon, and saw 11 of its levels.
You visited the Abyss 1 time.

You collected 533 gold pieces.
You spent 261 gold pieces at shops.

Inventory:

Hand Weapons
 a - a +1 flail (weapon)
 u - the +7 spear of the Empty Page {freeze, Dex+3}
   (You found it on level 6 of the Dungeon)

   It has been specially enchanted to freeze those struck by it, causing extra
   injury to most foes and up to half again as much damage against particularly
   susceptible opponents.
   It can also slow down cold-blooded creatures.
   It affects your dexterity (+3).
Armour
 b - a +0 scale mail
 c - a +0 shield
 e - a +1 pair of gloves of dexterity (worn)
 j - a +3 large shield (worn)
 o - a +2 shield
 q - the +3 scale mail of the Sun {Int+2 Dex+3}
   (You bought it in a shop on level 6 of the Dungeon)

   It affects your intelligence (+2).
   It affects your dexterity (+3).
 r - a +1 hat
 x - the +1 scale mail "Habrad" (worn) {rElec rC- Str+8 Stlth-}
   (You found it on level 6 of the Dungeon)

   It affects your strength (+8).
   It makes you vulnerable to cold.
   It insulates you from electricity.
   It makes you less stealthy.
 A - a +0 pair of gloves
 H - the +3 crown of Dyrovepreva (worn) {rElec Int+2 SInv}
   (You found it on level 8 of the Dungeon)

   It affects your intelligence (+2).
   It insulates you from electricity.
   It lets you see invisible.
 J - the +6 ring mail of Orthodoxy {rPois Int+4 Stlth+, unknown}
   (You found it on level 1 of the Lair of Beasts)

   It affects your intelligence (+4).
   It protects you from poison.
   It makes you more stealthy.
Jewellery
 y - a ring of loudness (left hand)
 z - an amulet of the gourmand (around neck)
Wands
 d - a wand of digging (13/24)
 i - a wand of scattershot (7/9)
 B - a wand of polymorph (16/24)
 D - a wand of polymorph (17/24)
 E - a wand of acid (5/15)
 K - a wand of flame (25/48)
Scrolls
 s - 6 scrolls of identify
 t - a scroll of summoning {unknown}
 C - 2 scrolls of remove curse
 F - a scroll of recharging
 G - a scroll of enchant weapon
Potions
 k - 3 potions of brilliance
 m - 3 potions of curing
 p - a potion of haste
 v - a potion of invisibility
 I - a potion of agility
Comestibles
 f - 3 bread rations
 g - 9 fruits
 h - 4 royal jellies
 n - 2 meat rations


   Skills:
 + Level 5.2 Fighting
 - Level 14.1 Maces & Flails
 - Level 1.0 Polearms
 + Level 5.8 Armour
 + Level 7.9 Shields
 - Level 0.2 Invocations


You had 10 spell levels left.
You didn't know any spells.

Dungeon Overview and Level Annotations

Branches:
Dungeon (9/15)             Temple (1/1) D:5            Lair (1/6) D:8
    Orc: D:9-12

Altars:
Cheibriados
Dithmenos
Elyvilon
Fedhas
Gozag
Hepliaklqana
Kikubaaqudgha
Makhleb
Nemelex Xobeh
Okawaru
Qazlal
Ru
Sif Muna
Uskayaw
Vehumet
Xom
Yredelemnul
Zin
The Shining One

Shops:
D:6 }[[   D:8 (

Annotations:
D:3 2 transporters
D:9 Erolcha


Innate Abilities, Weirdness & Mutations

You are resistant to torment.
Your stone body is resilient. (AC +7)
You are immune to poison.
You resist negative energy. (rN+)
You are resistant to electric shocks. (rElec)
You can survive without breathing.
You are immune to petrification.
You are immune to rotting.
You have large cloven feet.
You are agile. (Dex +2)
You possess an exceptional clarity of mind.
Your magical capacity is low. (-10% MP)
Your spells are a little harder to cast, but a little more powerful.


Message History

The thrashing horror tramples you.
* * * LOW HITPOINT WARNING * * *
You stumble backwards!
A smoke demon comes into view.
The thrashing horror roars!
The smoke demon roars!
A white imp comes into view.
The white imp shouts!
The thrashing horror tramples you but does no damage.
You block the thrashing horror's attack.
The thrashing horror roars!
The smoke demon gestures at you. Something smites you!
* * * LOW HITPOINT WARNING * * *
The smoke demon gestures at you. The sticky flame hits you!
You are covered in liquid flames!
The thrashing horror tramples you but does no damage.
The thrashing horror closely misses you.
You are covered in liquid flames!
You die...

. . ###.#... .....
.#.....## # .## . ...
.....###.#
#โ‰ˆ.#...#.....#
..###.#....$#.
#53...#x#... . #.
#...#....3#.#..
....##โ‰ˆ.#.....##...
#...3.@###x.## ..#
#.##.#.XX.A..# .# #
#...###.... ###x.# .
## . ...# .# x##.# ##
#ยง .# .. ..#


You could see an angel, a thrashing horror (invisible), a large abomination, a
worldbinder, 2 smoke demons and a white imp.

Vanquished Creatures
  The ghost of Thaneod the Cleaver, a novice MiGl of Trog (D:8)
  Pikel (D:5)
  A black mamba (Lair:1)
  An elephant (D:8)
  2 spiny frogs (Lair:1)
  2 rime drakes (Lair:1)
  An ancient zyme (Abyss:2)
  A troll (D:9)
  Prince Ribbit (D:5)
  A hippogriff (D:8)
  A vampire (D:9)
  Eustachio (D:5)
  A basilisk (D:8)
  3 water moccasins
  3 porcupines (Lair:1)
  An ice beast (D:6)
  3 sky beasts
  3 phantoms
  An ogre (D:7)
  2 centaurs
  3 crocodiles
  5 bullfrogs
  A small abomination (Abyss:2)
  A gnoll sergeant (D:5)
  A scorpion (D:4)
  2 howler monkeys
  A centaur zombie (D:7)
  A crimson imp (D:7)
  A quasit (D:8)
  6 hounds
  4 jellies
  A gnoll shaman (D:6)
  4 orc priests (D:5)
  A centaur skeleton (D:6)
  12 orc wizards
  Terence (D:2)
  A bullfrog skeleton (D:5)
  2 iguanas
  Ijyb (D:5)
  9 worker ants
  A killer bee zombie (D:7)
  A howler monkey skeleton (D:7)
  12 gnolls
  18 adders
  A shadow imp (D:7)
  5 oozes
  3 adder skeletons
  4 worms
  3 dart slugs
  4 leopard geckos
  34 orcs
  5 giant cockroaches
  9 goblins
  6 hobgoblins
  7 jackals
  11 kobolds
  2 quokkas
  12 bats
  5 frilled lizards
  7 rats
239 creatures vanquished.

Vanquished Creatures (others)
  A crimson imp (D:5)
  A hound (D:5)
  A quokka (D:5)
3 creatures vanquished.

Grand Total: 242 creatures vanquished

Notes
Turn   | Place    | Note
-------+----------+-------------------------------------------
     0 | D:1      | vineage the Gargoyle Fighter began the quest for the Orb.
     0 | D:1      | Reached XP level 1. HP: 14/14 MP: 1/1
   146 | D:1      | Reached XP level 2. HP: 19/19 MP: 2/2
   192 | D:1      | Reached skill level 3 in Maces & Flails
   267 | D:1      | Reached XP level 3. HP: 23/23 MP: 3/3
   859 | D:2      | Found an opulent altar of Gozag.
   873 | D:2      | Reached skill level 4 in Maces & Flails
   914 | D:2      | Found a blossoming altar of Fedhas.
   915 | D:2      | Found a white marble altar of Elyvilon.
   976 | D:2      | Reached XP level 4. HP: 24/28 MP: 4/4
  1097 | D:2      | Noticed Terence
  1111 | D:2      | Killed Terence
  1505 | D:3      | Reached skill level 5 in Maces & Flails
  1505 | D:3      | Reached XP level 5. HP: 29/32 MP: 5/5
  1549 | D:3      | Found a glowing golden altar of the Shining One.
  1576 | D:3      | Found a transporter.
  1604 | D:3      | Found a transporter.
  2220 | D:4      | Reached skill level 6 in Maces & Flails
  2220 | D:4      | Reached XP level 6. HP: 13/37 MP: 6/6
  2423 | D:4      | Noticed a phantom
  2447 | D:4      | Killed a phantom
  2509 | D:4      | Reached skill level 7 in Maces & Flails
  2649 | D:4      | Reached XP level 7. HP: 40/41 MP: 7/7
  3000 | D:5      | Entered Level 5 of the Dungeon
  3025 | D:5      | Noticed Pikel
  3025 | D:5      | Noticed Eustachio
  3030 | D:5      | Noticed Prince Ribbit
  3036 | D:5      | Killed Pikel
  3036 | D:5      | Reached skill level 9 in Maces & Flails
  3036 | D:5      | Reached XP level 8. HP: 32/46 MP: 8/8
  3054 | D:5      | Found a staircase to the Ecumenical Temple.
  3086 | Temple   | Entered the Ecumenical Temple
  3269 | Temple   | Became a worshipper of Warmaster Okawaru
  3407 | D:5      | Killed Eustachio
  3667 | D:5      | Killed Prince Ribbit
  3667 | D:5      | Reached skill level 10 in Maces & Flails
  3997 | D:5      | Reached * piety under Okawaru
  4153 | D:5      | Reached skill level 11 in Maces & Flails
  4526 | D:5      | Reached XP level 9. HP: 33/51 MP: 9/9
  4588 | D:5      | Noticed Ijyb
  4608 | D:5      | Killed Ijyb
  4853 | D:6      | Found Haluoh's Gadget Shop.
  4900 | D:6      | Found Keefrefek's Antique Armour Shop.
  4903 | D:6      | Bought an ancient scale mail for 261 gold pieces
  4913 | D:6      | Identified the +3 scale mail of the Sun {Int+2 Dex+3} (You bought it in a shop on level 6 of the Dungeon)
  5065 | D:6      | Found Bomn's Armour Shoppe.
  5122 | D:6      | Reached skill level 12 in Maces & Flails
  5320 | D:6      | Got an ancient spear
  5321 | D:6      | Identified the +7 spear of the Empty Page {freeze, Dex+3} (You found it on level 6 of the Dungeon)
  5330 | D:6      | Found a sacrificial altar of Ru.
  5560 | D:6      | Reached ** piety under Okawaru
  5576 | D:6      | Got a dazzling scale mail
  5587 | D:6      | Identified the cursed +1 scale mail "Habrad" {rElec rC- Str+8 Stlth-} (You found it on level 6 of the Dungeon)
  5807 | D:6      | Gained mutation: You are agile. (Dex +2) [mutagenic meat]
  6062 | D:6      | Found a basalt altar of Yredelemnul.
  6087 | D:7      | Reached skill level 13 in Maces & Flails
  6094 | D:7      | Gained mutation: Your spells are a little harder to cast, but a little more powerful. [mutagenic meat]
  6095 | D:7      | Gained mutation: Your magical capacity is low. (-10% MP) [mutagenic meat]
  6096 | D:7      | Gained mutation: You have large cloven feet. [mutagenic meat]
  6097 | D:7      | Gained mutation: Your mind is acute. (Int +2) [mutagenic meat]
  6098 | D:7      | Lost mutation: Your mind is acute. (Int +2) [mutagenic meat]
  6099 | D:7      | Gained mutation: You possess an exceptional clarity of mind. [mutagenic meat]
  6515 | D:7      | Reached *** piety under Okawaru
  6515 | D:7      | Reached XP level 10. HP: 53/56 MP: 9/9
  7186 | D:8      | Noticed Thaneod's ghost (novice MiGl)
  7208 | D:8      | Killed Thaneod's ghost
  7208 | D:8      | Reached **** piety under Okawaru
  7208 | D:8      | Reached skill level 14 in Maces & Flails
  7208 | D:8      | Reached skill level 1 in Polearms
  7382 | D:8      | Found a staircase to the Lair.
  7382 | D:8      | Noticed an elephant
  7529 | D:8      | Found Rellohote's Weapon Emporium.
  7581 | D:8      | Killed an elephant
  7840 | Lair:1   | Entered Level 1 of the Lair of Beasts
  7840 | Lair:1   | Noticed a spiny frog
  7853 | Lair:1   | Killed a spiny frog
  7853 | Lair:1   | Reached skill level 5 in Shields
  8024 | Lair:1   | Reached ***** piety under Okawaru
  8145 | Lair:1   | Noticed a black mamba
  8165 | Lair:1   | Killed a black mamba
  8369 | Lair:1   | Got an ancient ring mail
  8456 | Lair:1   | Reached skill level 5 in Armour
  8580 | Lair:1   | Noticed a spiny frog
  8586 | Lair:1   | Killed a spiny frog
  8586 | Lair:1   | Reached XP level 11. HP: 62/62 MP: 10/10
  8754 | Lair:1   | Received a gift from Okawaru
  9238 | D:9      | Reached skill level 5 in Fighting
  9291 | D:9      | Noticed Erolcha
  9291 | D:9      | Cast into level 2 of the Abyss (Erolcha)
  9329 | Abyss:2  | Noticed a thrashing horror
  9330 | Abyss:2  | Noticed a thrashing horror
  9330 | Abyss:2  | Noticed an angel
  9400 | Abyss:2  | Paralysed by an apocalypse crab for 2 turns
  9403 | Abyss:2  | Noticed a worldbinder
  9404 | Abyss:2  | Noticed a starcursed mass
  9408 | Abyss:2  | Noticed a starcursed mass
  9426 | Abyss:2  | Noticed a large abomination
  9427 | Abyss:2  | Noticed a worldbinder
  9431 | Abyss:2  | HP: 3/64 [smoke demon/divine providence (12)]
  9432 | Abyss:2  | Incinerated by a smoke demon

Skill      XL: |  1  2  3  4  5  6  7  8  9 10 11 |
---------------+----------------------------------+-----
Maces & Flails | 3 4 5 6 7 9 11 13 14 | 14.1
Polearms       | 1 |  1.0
Shields        | 6 7 |  7.9
Armour         | 5 |  5.8
Fighting       | 4 5 |  5.2
Invocations    | |  0.2

Action                   |  1- 3 |  4- 6 |  7- 9 | 10-12 || total
-------------------------+-------+-------+-------+-------++-------
Melee: Flail             |   186 |   283 |   540 |   314 ||  1323
       Spear             |       |       |    17 |       ||    17
       Kick              |       |       |    16 |   122 ||   138
Invok: Heroism           |       |       |       |     2 ||     2
  Use: Scroll            |       |     4 |    12 |     8 ||    24
       Potion            |       |       |     6 |     9 ||    15
  Eat: Chunk             |       |     6 |    13 |    11 ||    30
       Meat ration       |       |       |     1 |       ||     1
       Royal jelly       |       |       |     1 |       ||     1
Armor: Scale mail        |   128 |   145 |   254 |   191 ||   718
       Skin              |       |       |       |     5 ||     5
Dodge: Dodged            |    57 |    66 |   141 |    64 ||   328
Block: Shield            |    74 |    46 |   197 |       ||   317
       Large shield      |    96 |   204 |   212 |   381 ||   893
